 Dungeon Crawl Stone Soup version 0.29-a0-982-gaed3a0c8d8 (webtiles) character file.

Game seed: 17068032698695982473

276 gelatine the Magician (level 6, 0/40 HPs)
             Began as a Djinni Fire Elementalist on Aug 1, 2022.
             Slain by Pikel
             ... wielding a +1 whip of electrocution
              (1 damage)
             ... on level 4 of the Dungeon.
             The game lasted 00:10:11 (4391 turns).

gelatine the Magician (Djinni Fire Elementalist)    Turns: 4391, Time: 00:10:12

Health: 0/40       AC:  3    Str:  7    XL:     6   Next: 50%
Gold:   176        EV: 12    Int: 19    God:
                   SH:  0    Dex: 13

rFire   + + .      SeeInvis .   k - +3 short sword
rCold   x . .      Faith    .   (no shield)
rNeg    . . .      Spirit   .   a - +0 robe
rPois   ∞          Reflect  .   (no helmet)
rElec   .          Harm     .   (no cloak)
rCorr   .          Rampage  .   j - +0 pair of gloves
Will    .....                   (boots unavailable)
Stlth   ++........              (no amulet)
HPRegen 0.13/turn               (no ring)
MPRegen 0.00/turn               (no ring)

@: flying
A: sickness immunity, fire resistance 2, cold vulnerability 1, float, innate
caster, HP casting, extra vitality 1
a: no special abilities


You were on level 4 of the Dungeon.
You visited 1 branch of the dungeon, and saw 4 of its levels.

You collected 176 gold pieces.

Inventory:

Hand Weapons
 d - a +0 short sword of venom
 e - a +1 dagger of draining
 k - a +3 short sword (weapon)
Missiles
 o - a throwing net
Armour
 a - a +0 robe (worn)
 f - a +2 ring mail of cold resistance
 j - a +0 pair of gloves (worn)
Scrolls
 g - a scroll of fog {unknown}
Potions
 b - 2 potions of resistance {unknown}
 c - 3 potions of heal wounds {unknown}
 h - 4 potions of curing
 i - a potion of invisibility {unknown}
 l - a potion of lignification
 m - a potion of attraction {unknown}
 n - a potion of cancellation {unknown}


   Skills:
 + Level 0.3 Fighting
 + Level 2.7 Dodging
 + Level 2.3 Stealth
 + Level 4.8 Spellcasting


You couldn't memorise any spells.
You knew the following spells:

 Your Spells              Type           Power      Damage    Failure   Level
a - Foxfire               Conj/Fire      88%        2x1d8     1%          1
b - Scorch                Fire           44%        2d7       2%          2
c - Conjure Flame         Conj/Fire      22%        6-21      5%          3
d - Inner Flame           Hex/Fire       22%        N/A       5%          3
e - Flame Wave            Conj/Fire      22%        2d8       17%         4
f - Sandblast             Erth           44%        2d11      1%          1
g - Static Discharge      Conj/Air       22%        3-6/arc   2%          2
Your spell library was empty.

Dungeon Overview and Level Annotations

Branches:
Dungeon (4/15)
 Temple: D:4-7

Altars:

Shops:
D:3 [

Annotations:
D:4 Pikel


Innate Abilities, Weirdness & Mutations

You are immune to sickness and miasma.
You are immune to poison.
Your flesh is very heat resistant. (rF++)
You are vulnerable to cold. (rC-)
You float through the air rather than walking.
You learn spells naturally, not from books.
Your magical power is your life essence.
You have superior vitality. (+4 MHP)


Message History

Pikel says, "Time is money, and you're costing me too much!"
You conjure some foxfire!
The foxfire hits Pikel.
Pikel is lightly wounded.
You conjure some foxfire!
The foxfire hits Pikel.
Pikel is lightly wounded.
The foxfire hits Pikel but does no damage.
Pikel is lightly wounded.
You closely miss the lemure.
Your foxfire dissipates!
The foxfire hits Pikel.
Pikel is lightly wounded.
Found a stone staircase leading up.
The foxfire hits the lemure.
The lemure is lightly wounded.
The lemure misses you.
Pikel hits you with a +1 whip of electrocution!
Casting: Foxfire (safe; 1% risk of failure)
Confirm with . or Enter, or press ? or * to list all spells.
Flames lash Pikel.
Pikel is moderately wounded.
Pikel's fire resistance burns away.
The lemure closely misses you. The lemure barely misses you.
Pikel hits you with a +1 whip of electrocution!
Casting: Scorch (safe; 2% risk of failure)
Confirm with . or Enter, or press ? or * to list all spells.
Flames lash the lemure.
The lemure is moderately wounded.
The lemure's fire resistance burns away.
The lemure hits you!
* * * LOW HITPOINT WARNING * * *
Pikel closely misses you.
Casting: Scorch (safe; 2% risk of failure)
Confirm with . or Enter, or press ? or * to list all spells.
Flames lash the lemure.
The lemure is burned terribly!
The lemure is severely wounded.
* * * LOW HITPOINT WARNING * * *
The lemure hits you.
* * * LOW HITPOINT WARNING * * *
The lemure barely misses you.
Pikel hits you with a +1 whip of electrocution.
You die...

#....# #....# #....#
#.†.)# ######### .#.
#####....# #.......# ...
.........# #.......# #.#
.......K5####.......###.#
.......5@...........'.#.#
....<#5#####.......#.#.#
... #.#......######.#.# .
#........# #...#
#)....#########....
#..................
#.....##########...
#..................
##....##########...


You could see Pikel (combustible) and 3 lemures.

Vanquished Creatures
  A lemure (D:4)
  3 orc priests
  An orc wizard (D:4)
  5 adders
  A shadow imp (D:4)
  10 orcs
  7 endoplasms
  9 giant cockroaches
  10 goblins
  5 hobgoblins
  6 jackals
  10 kobolds
  2 quokkas (D:1)
  10 ball pythons
  6 bats
  2 frilled lizards
  8 rats
96 creatures vanquished.

Vanquished Creatures (others)
  225 foxfires
225 creatures vanquished.

Grand Total: 321 creatures vanquished

Notes
Turn   | Place    | Note
-------+----------+-------------------------------------------
     0 | D:1      | gelatine the Djinni Fire Elementalist began the quest for
                  | the Orb.
     0 | D:1      | gelatine set off with the following spells memorised:
                  | Foxfire, Scorch, Conjure Flame, Inner Flame, Flame Wave.
     0 | D:1      | Reached XP level 1. HP: 15/15 MP: 0/0
   155 | D:1      | Reached XP level 2. HP: 15/21 MP: 0/0
   714 | D:1      | Reached skill level 3 in Spellcasting
   714 | D:1      | Reached XP level 3. HP: 10/25 MP: 0/0
   714 | D:1      | Learned a level 1 spell: Sandblast
  1425 | D:2      | Reached XP level 4. HP: 15/31 MP: 0/0
  2550 | D:3      | Reached XP level 5. HP: 27/35 MP: 0/0
  2550 | D:3      | Learned a level 2 spell: Static Discharge
  2552 | D:3      | Reached skill level 4 in Spellcasting
  2853 | D:3      | Found Niamiype's Armour Shoppe.
  3285 | D:3      | Found a faded altar of an unknown god.
  3345 | D:3      | Reached XP level 6. HP: 38/40 MP: 0/0
  4382 | D:4      | Noticed Pikel
  4391 | D:4      | HP: 1/40 [lemure[Pikel] (2)]
  4391 | D:4      | Slain by Pikel

Illustrated notes

Levels and vault maps discovered:
D:1:      minmay_arrival_wavy_path, layout_rooms
D:2:      minmay_angry_zag, layout_rooms
D:3:      cheibrodos_pilgrimage, layout_basic, basic_ecumenical_altar,
          serial_shops, nicolae_square_shop, hangedman_feature_mirror
D:4:      minmay_general_purpose_star, layout_basic, overflow_temple_1_default,
          minmay_puff, uniq_pikel

Skill      XL: |  1  2  3  4  5 |
---------------+----------------+-----
Spellcasting   | 3 4 |  4.8
Stealth        | 2 |  2.3
Fighting       | |  0.3
Dodging        | |  2.7

Action                   |  1- 3 |  4- 6 || total
-------------------------+-------+-------++-------
Melee: Unarmed           |     8 |       ||     8
       Short sword       |       |    13 ||    13
 Cast: Foxfire           |    60 |    77 ||   137
       Scorch            |     8 |    42 ||    50
       Static Discharge  |       |     2 ||     2
       Flame Wave        |       |     1 ||     1
  Use: Scroll            |       |     6 ||     6
       Potion            |       |     1 ||     1
Armor: Robe              |     1 |     7 ||     8
Dodge: Dodged            |    15 |    28 ||    43

Table legend: (Time is in decaauts)
 A = Elapsed time spent in this place.
 B = Non-inter-level travel time spent in this place.
 C = Inter-level travel time spent in this place.
 D = Time resting spent in this place.
 E = Time spent auto-exploring this place.
 F = Levels seen in this place.
 G = Mean time per level.
                   A        B        C        D        E       F      G
               +--------+--------+--------+--------+--------+-----+--------+
         Total |   4391 |   4346 |     45 |      0 |   3804 |   4 | 1097.8 |
       Dungeon |   4391 |   4346 |     45 |      0 |   3804 |   4 | 1097.8 |
               +--------+--------+--------+--------+--------+-----+--------+

Top non-repeatable levels by time:
     D:1: 1252 daAuts
     D:3: 1172 daAuts
     D:2: 1107 daAuts
     D:4: 859 daAuts
